 Dungeon Crawl Stone Soup version 0.28-a0-1199-gef9e1dbd39 (webtiles) character file.

Game seed: 17747633791702602157

302 jtrev the Cudgeller (level 6, 0/37 HPs)
             Began as a Gargoyle Berserker on Dec 19, 2021.
             Was a Believer of Trog.
             Slain by Eustachio (2 damage)
             ... on level 5 of the Dungeon.
             The game lasted 00:08:35 (4278 turns).

jtrev the Cudgeller (Gargoyle Berserker)            Turns: 4278, Time: 00:08:35

Health: 0/37       AC: 11    Str: 23    XL:     6   Next: 37%
Magic:  6/6        EV: 11    Int:  7    God:    Trog [**....]
Gold:   140        SH:  0    Dex: 15    Spells: 5/5 levels left

rFire   . . .      SeeInvis .   a - +0 mace
rCold   . . .      Faith    .   (no shield)
rNeg    + . .      Spirit   .   g - +0 ring mail
rPois   ∞          Reflect  .   l - +2 hat
rElec   +          Harm     .   (no cloak)
rCorr   .          Rampage  .   (no gloves)
Will    .....                   (no boots)
Stlth   +.........              (no amulet)
HPRegen 0.12/turn               n - +6 ring of dexterity
MPRegen 0.10/turn               (no ring)

@: on berserk cooldown, slowed, very slow
A: sickness immunity, AC +4, negative energy resistance 1, electricity
resistance, torment resistance 1, petrification resistance
a: Renounce Religion, Berserk, Trog's Hand


You were on level 5 of the Dungeon.
You worshipped Trog.
Trog was pleased with you.
You visited 1 branch of the dungeon, and saw 5 of its levels.

You collected 140 gold pieces.

Inventory:

Hand Weapons
 a - a +0 mace (weapon)
Armour
 f - a +0 chain mail
   (You found it on level 2 of the Dungeon)
 g - a +0 ring mail (worn)
   (You found it on level 2 of the Dungeon)
 l - a +2 hat (worn)
   (You found it on level 4 of the Dungeon)
Jewellery
 n - a +6 ring of dexterity (left hand)
   (You found it on level 5 of the Dungeon)
Scrolls
 c - 2 scrolls of teleportation {unknown}
 d - 7 scrolls of identify {unknown}
 i - a scroll of silence {unknown}
 j - 2 scrolls of magic mapping {unknown}
 k - 2 scrolls of amnesia {unknown}
 m - a scroll of vulnerability {unknown}
 p - a scroll of torment {unknown}
 q - a scroll of blinking {unknown}
Potions
 b - 2 potions of heal wounds {unknown}
 e - a potion of berserk rage {unknown}
 h - 2 potions of lignification {unknown}
 o - a potion of cancellation {unknown}


   Skills:
 - Level 3.2 Fighting
 + Level 7.0 Maces & Flails
 - Level 2.1 Armour
 - Level 1.5 Dodging


You had 5 spell levels left.
You didn't know any spells.
Your spell library was empty.

Dungeon Overview and Level Annotations

Branches:
Dungeon (5/15)             Temple (0/1) D:5

Altars:
Cheibriados

Annotations:
D:5 Eustachio


Innate Abilities, Weirdness & Mutations

You are immune to sickness and miasma.
Your stone body is resilient. (AC +4)
You are immune to poison.
You resist negative energy. (rN+)
You are resistant to electric shocks. (rElec)
You are resistant to unholy torment.
You are immune to petrification.


Message History

You are exhausted.
You feel yourself slow down.
Eustachio mumbles some strange words.
Unknown command.
Eustachio drinks a potion.
Eustachio is healed!
The shadow imp gestures at you. Pain shoots through your body!
The iron imp closely misses you.
Eustachio gestures wildly while chanting.
Eustachio blinks!
The iron imp hits you.
The iron imp lashes its tail.
The shadow imp hits you but does no damage.
You closely miss Eustachio.
Eustachio screams, "At last I'll have my revenge!"
Eustachio barely misses you. The iron imp closely misses you.
The shadow imp shouts, "Admit defeat, thou foisting weeb-spouting clam!"
The shadow imp hits you but does no damage.
You hit Eustachio. Eustachio hits you but does no damage.
The shadow imp hits you.
* * * LOW HITPOINT WARNING * * *
The iron imp hits you but does no damage. x2
Eustachio misses you.
The shadow imp hits you but does no damage.
You hit Eustachio.
The iron imp hits you but does no damage.
Eustachio hits you with a +3 falchion.
* * * LOW HITPOINT WARNING * * *
The iron imp closely misses you. The shadow imp closely misses you.
Eustachio gestures wildly while chanting.
Eustachio blinks!
The iron imp hits you but does no damage.
The iron imp hits you.
* * * LOW HITPOINT WARNING * * *
The iron imp hits you but does no damage.
The iron imp hits you!
* * * LOW HITPOINT WARNING * * *
The shadow imp gestures at you.
You barely resist. The iron imp barely misses you.
The iron imp disappears in a puff of smoke!
Eustachio casts a spell.
Eustachio drinks a potion.
Eustachio is healed!
You barely miss Eustachio.
The shadow imp disappears in a puff of smoke!
Eustachio gestures wildly while chanting.
Unknown command.
You barely miss Eustachio.
The iron imp disappears in a puff of smoke!
The crimson imp disappears in a puff of smoke!
Eustachio hits you with a +3 falchion.
You die...

...................#.......
..................##.....#.
.........##...(.#........#.
#..##...#.##........)
#.....#.#.#..#.....>.
##.55.#......#......:
##..##........).###.
#.@5.............##
###@§............###
##..§.......##.......
#...§§##....##.......
##.§§.......###......
#.#...#.............
###...##...........#
#...##..........##
######.....[......
###.....##...


You could see Eustachio, an iron imp (summoned) and 2 white imps.

Vanquished Creatures
  A bullfrog skeleton (D:5)
  2 jellies (D:4)
  A hound (D:4)
  2 orc wizards (D:4)
  4 adders
  An adder skeleton (D:4)
  4 worms
  A dart slug (D:3)
  12 orcs
  7 ball pythons
  5 endoplasms
  A giant cockroach (D:1)
  8 hobgoblins
  3 jackals (D:3)
  2 kobolds (D:1)
  2 quokkas
  4 bats
  A frilled lizard (D:2)
  5 goblins
  5 rats
71 creatures vanquished.

Notes
Turn   | Place    | Note
-------+----------+-------------------------------------------
     0 | D:1      | jtrev the Gargoyle Berserker began the quest for the Orb.
     0 | D:1      | Reached XP level 1. HP: 14/14 MP: 1/1
   277 | D:1      | Reached XP level 2. HP: 19/19 MP: 2/2
   341 | D:1      | Found a faded altar of an unknown god.
   649 | D:1      | Reached skill level 4 in Maces & Flails
   915 | D:2      | Reached XP level 3. HP: 20/23 MP: 3/3
  1227 | D:2      | Found a snail-covered altar of Cheibriados.
  1322 | D:2      | You fall into a shaft and drop 1 floor!
  1689 | D:3      | Reached ** piety under Trog
  2174 | D:3      | Reached XP level 4. HP: 24/28 MP: 4/4
  2397 | D:3      | Reached skill level 5 in Maces & Flails
  2772 | D:4      | Reached XP level 5. HP: 18/32 MP: 5/5
  2774 | D:4      | Reached skill level 6 in Maces & Flails
  3654 | D:5      | Entered Level 5 of the Dungeon
  3774 | D:4      | Reached XP level 6. HP: 21/37 MP: 6/6
  4144 | D:5      | Found a staircase to the Ecumenical Temple.
  4202 | D:5      | Reached skill level 7 in Maces & Flails
  4247 | D:5      | Noticed Eustachio
  4274 | D:5      | HP: 1/37 [iron imp[Eustachio] (7)]
  4278 | D:5      | Slain by Eustachio

Illustrated notes

Levels and vault maps discovered:
D:1:      dpeg_arrival_arbitrary_a, layout_basic, basic_ecumenical_altar
D:2:      layout_loops_cross, basic_altar
D:3:      layout_basic, minmay_misc_feat_iff
D:4:      layout_basic, hangedman_decor_push
D:5:      layout_cave_pools, minmay_temple_entry_offerings, uniq_eustachio

Skill      XL: |  1  2  3  4  5  6 |
---------------+-------------------+-----
Maces & Flails | 4 5 6 7 |  7.0
Fighting       | |  3.2
Armour         | |  2.1
Dodging        | |  1.5

Action                   |  1- 3 |  4- 6 || total
-------------------------+-------+-------++-------
Melee: Mace              |    88 |   130 ||   218
Invok: Berserk           |       |     4 ||     4
       Trog's Hand       |       |     1 ||     1
 Stab: Sleeping          |     1 |       ||     1
Armor: Animal skin       |    17 |       ||    17
       Ring mail         |     4 |    80 ||    84
Dodge: Dodged            |    49 |    96 ||   145

Table legend: (Time is in decaauts)
 A = Elapsed time spent in this place.
 B = Non-inter-level travel time spent in this place.
 C = Inter-level travel time spent in this place.
 D = Time resting spent in this place.
 E = Time spent auto-exploring this place.
 F = Levels seen in this place.
 G = Mean time per level.
                   A        B        C        D        E       F      G
               +--------+--------+--------+--------+--------+-----+--------+
         Total |   4347 |   4036 |    311 |    691 |   2638 |   5 |  869.4 |
       Dungeon |   4347 |   4036 |    311 |    691 |   2638 |   5 |  869.4 |
               +--------+--------+--------+--------+--------+-----+--------+

Top non-repeatable levels by time:
     D:4: 1539 daAuts
     D:1: 909 daAuts
     D:3: 892 daAuts
     D:2: 775 daAuts
     D:5: 230 daAuts
